Map: King Sejong Station LE

Players

ArtVandelay - Winner!

  • Race: Zerg Zerg
  • League: Gold

Nickos

  • Race: Terran Terran
  • League: Gold

VOD

Have the link to the VOD?

Description

Time

  • Played on: Sept. 30, 2016, 1:36 a.m.
  • Length: 6:01
Show
View Real Time Build Order
Export as new Build Order

ArtVandelay Zerg - Winner!

Build Orders: Pool First, Zergling Baneling 

Get SALT Encoding   

  12  0:01  Drone  
  13  0:08  Drone  
  14  0:19  Overlord  
  14  0:35  Spawning Pool  
  14  0:36  Drone  
  14  0:40  Drone  
  15  0:53  Drone  
  16  1:12  Hatchery  
  16  1:15  Drone x2  
  17  1:20  Extractor  
  16  1:32  Drone x2  
  18  1:38  Drone  
  19  1:56  Zergling x2  
  19  2:00  Queen  
  22  2:02  Overlord  
  22  2:23  Zergling x4  
  22  2:29  Metabolic Boost  
  24  2:36  Zergling x6  
  27  2:42  Queen  
  29  2:44  Overlord  
  29  2:52  Drone  
  29  2:54  Drone  
  31  3:01  Drone  
  31  3:03  Baneling Nest  
  31  3:10  Zergling x2  
  31  3:11  Zergling x4  
  32  3:27  Zergling x6  
  31  3:41  Zergling x6  
  31  3:42  Zergling x2  
  35  3:52  Lair  
  35  3:54  Zergling x2  
  35  3:55  Zergling x2  
  37  3:56  Baneling x2  
  37  3:57  Baneling  
  37  4:02  Zergling x2  
  37  4:10  Zergling x2  
  37  4:11  Zergling x2  
  39  4:21  Zergling x10  
  39  4:23  Overlord x2  
  44  4:33  Baneling  
  44  4:34  Baneling x3  
  44  4:35  Baneling  
  44  4:39  Overlord x2  
  44  4:41  Queen  
  44  4:44  Baneling  
  37  5:14  Zergling x4  
  37  5:15  Zergling x12  
  45  5:22  Zergling x2  
Show
View Real Time Build Order
Export as new Build Order

Nickos Terran 

Build Orders:  

Get SALT Encoding   

  12  0:01  SCV  
  13  0:13  SCV  
  14  0:17  Supply Depot  
  14  0:25  SCV  
  15  0:38  SCV  
  15  0:40  Barracks  
  16  0:50  SCV  
  17  1:02  SCV  
  18  1:15  SCV  
  19  1:20  Command Center  
  19  1:28  Orbital Command  
  19  1:32  Marine  
  20  1:44  Barracks  
  20  1:52  Supply Depot, Marine  
  21  1:58  SCV  
  22  2:10  SCV  
  23  2:17  Refinery  
  23  2:19  Refinery  
  23  2:22  Marine  
  23  2:32  Barracks  
  23  2:36  Orbital Command, SCV  
  24  2:37  Marine  
  25  2:47  Marine  
  25  2:49  SCV  
  27  2:51  Supply Depot  
  27  2:57  Marine  
  28  3:00  Bunker  
  28  3:01  SCV  
  28  3:05  Marine  
  29  3:10  SCV  
  27  3:34  Marine x2  
  27  3:35  Marine  
  29  3:41  SCV  
  29  3:42  SCV  
  29  3:43  Supply Depot  
  31  3:49  Supply Depot  
  31  3:50  Supply Depot  
  31  3:52  Marine  
  31  3:53  SCV  
  33  4:02  SCV  
  34  4:04  Barracks Tech Lab, Barracks Reactor  
  34  4:06  SCV  
  35  4:10  Supply Depot  
  35  4:20  Supply Depot  
  36  4:30  Barracks Reactor, Factory  
  35  4:33  Marine  
  36  4:46  Marine  
  36  4:47  Marine  
  36  4:51  Marine  
  38  4:58  SCV x2  
  40  5:04  Marine  
  39  5:14  Marine x4  
  30  5:17  Widow Mine  
  33  5:22  Marine  
  34  5:31  Marine  
Tags
 
Add a new tag
Caveats
  • Supply blocks, unpowered buildings, or Contaminate may cause inaccurate times.
  • Supply counts are checked every 10 seconds.